 Dungeon Crawl Stone Soup version 0.30-a0-913-g9934a0ce24 (webtiles) character file.

Game seed: 7516271985119755139

4 gelatine the Sneak (level 1, -2/10 HPs)
             Began as a Tengu Enchanter on Mar 19, 2023.
             Slain by a goblin
             ... wielding a +0 club
              (4 damage)
             ... on level 1 of the Dungeon.
             The game lasted 00:01:18 (150 turns).

gelatine the Sneak (Tengu Enchanter)                 Turns: 150, Time: 00:01:19

Health: -2/10      AC:  2    Str:  8    XL:     1   Next: 70%
Magic:  4/4        EV: 12    Int: 15    God:
Gold:   14         SH:  0    Dex: 14    Spells: 4/4 levels left

rFire   . . .      SeeInvis .    a - +1 dagger
rCold   . . .      Faith    .    (no shield)
rNeg    . . .      Spirit   .    b - +0 robe
rPois   .          Reflect  .    (helmet restricted)
rElec   .          Rampage  .    (no cloak)
rCorr   .                        (no gloves)
Will    .....                    (boots unavailable)
Stlth   ++                       (no amulet)
HPRegen 0.21/turn                (no ring)
MPRegen 0.09/turn                (no ring)

@: no status effects
A: beak, talons 3
a: no special abilities


You were on level 1 of the Dungeon.
You visited 1 branch of the dungeon, and saw 1 of its levels.

You collected 14 gold pieces.

Inventory:

Hand Weapons
 a - a +1 dagger (weapon)
Armour
 b - a +0 robe (worn)
Scrolls
 d - a scroll of teleportation {unknown}
 g - a scroll of identify {unknown}
Potions
 c - 2 potions of invisibility
 e - a potion of curing {unknown}
 f - a potion of ambrosia {unknown}


   Skills:
 * Level 0.1 Fighting
 * Level 1.2 Short Blades
 * Level 0.1 Armour
 * Level 2.2 Dodging
 * Level 3.1 Stealth
 * Level 2.0 Spellcasting
 * Level 2.2 Hexes


You had 4 spell levels left.
You didn't know any spells.
Your spell library contained the following spells:

 Spells                   Type           Power      Damage    Failure   Level
 Ensorcelled Hibernation  Hex/Ice        8%         N/A       22%         2
 Confusing Touch          Hex            8%         N/A       26%         3
 Tukima's Dance           Hex            8%         N/A       26%         3
 Dazzling Flash           Conj/Hex       8%         N/A       38%         3


Dungeon Overview and Level Annotations

Branches:
Dungeon (1/15)

Altars:


Innate Abilities, Weirdness & Mutations

You have a beak for a mouth.
You have claws for feet.


Message History

You peck the endoplasm, but do no damage.
The endoplasm is moderately wounded.
The endoplasm misses you.
You barely miss the endoplasm. You claw the endoplasm.
The endoplasm is severely wounded.
The endoplasm freezes you.
You are frozen.
You hit the endoplasm but do no damage.
The endoplasm is severely wounded.
The endoplasm barely misses you.
You hit the endoplasm.
The endoplasm is almost dead.
The endoplasm barely misses you.
You hit the endoplasm.
You kill the endoplasm!
HP restored.
d - a scroll labelled SANUJI ZYE
e - a smoky clear potion
f - a silvery potion
g - a scroll labelled WIHOEFU CORI You now have 14 gold pieces (gained 10).
You open the door.
A goblin comes into view. It is wielding a +0 club.
A goblin and a ball python come into view.
Found a chain mail and 8 stones.
The goblin shouts! x2; The ball python hisses angrily.
Found a stone staircase leading down.
The goblin hits you with a +0 dagger.
You closely miss the goblin. The goblin hits you with a +0 dagger.
You barely miss the goblin. Your peck misses the goblin.
The goblin hits you with a +0 dagger. The goblin attacks as you move away!
The goblin misses you. The goblin attacks as you move away!
The goblin hits you with a +0 club.
* * * LOW HITPOINT WARNING * * *
The goblin attacks as you move away! The goblin misses you.
The goblin attacks as you move away! The goblin misses you.
You barely miss the goblin. Your kick misses the goblin.
Your peck misses the goblin. The goblin barely misses you.
You closely miss the goblin. Your peck misses the goblin.
The goblin hits you with a +0 club.
You die...

...............
...............
.(.............
...............
#....S......
##....!...#.#
.........##.#
#########.##.#
#.[...@ggS...#
##.######.##.#######
#..#..........#
...##..........#
#### #..........#
#..........# #####
######..........#
..#.#
#....#..........#
....###.#
#....#..........#


You could see 2 goblins and a ball python.

Vanquished Creatures
  An endoplasm (D:1)
  A goblin (D:1)
  A hobgoblin (D:1)
  A bat (D:1)
4 creatures vanquished.

Notes
Turn   | Place    | Note
-------+----------+-------------------------------------------
     0 | D:1      | gelatine the Tengu Enchanter began the quest for the Orb.
     0 | D:1      | Reached XP level 1. HP: 10/10 MP: 4/4
   150 | D:1      | Slain by a goblin

Illustrated notes

Levels and vault maps discovered:
D:1:      dpeg_arrival_pond, layout_basic

Action                     || total
---------------------------++-------
  Melee: Dagger            ||    14
         Kick              ||     2
         Peck              ||     1
   Stab: Distracted        ||     1
         Sleeping          ||     1
 Armour: Robe              ||     1
  Dodge: Dodged            ||     9

Table legend: (Time is in decaauts)
 A = Elapsed time spent in this place.
 B = Non-inter-level travel time spent in this place.
 C = Inter-level travel time spent in this place.
 D = Time resting spent in this place.
 E = Time spent auto-exploring this place.
 F = Levels seen in this place.
 G = Mean time per level.
                   A        B        C        D        E       F      G
               +--------+--------+--------+--------+--------+-----+--------+
         Total |    149 |    149 |      0 |      0 |     90 |   1 |  149.0 |
       Dungeon |    149 |    149 |      0 |      0 |     90 |   1 |  149.0 |
               +--------+--------+--------+--------+--------+-----+--------+

Top non-repeatable levels by time:
     D:1: 149 daAuts
